AoeStats
← Martini Bianco

Arabia

506712464Analyzed
2v2 RM · 18d ago on Sep 14, 2026· 34m 43s· 4 players
Game mode
Random Map
Map size
Medium (4 player)
Population
200
Speed
Normal
Resources
Standard
Victory
Conquest
Starting age
Dark Age
Ending age
Imperial Age
RankedLock teamsTeams togetherTeam positionsShared explorationLock speedFull tech treeHidden civsTurbo modeCheats
Victory
Defeat
🇩🇪 Maya · Germany
1157
+15
🇲🇽 Jurchens · Mexico
1150
+15
🇩🇪 Ethiopians · Germany
1136
-16
🇩🇪 Mongols · Germany
1117
-14
King Dario II
0:43 Loom
9:06 Feudal Age
12:55 Bloodlines
15:05 Scale Barding Armor
17:26 Loom
22:27 Castle Age
20:18 Double-Bit Axe
20:40 Horse Collar
21:08 Gold Mining
22:36 Forging
25:31 Chain Barding Armor
25:26 Husbandry
26:31 Siege Engineers
27:39 Bow Saw
28:39 Heavy Plow
31:26 Gold Shaft Mining
32:25 Scale Mail Armor
33:18 Iron Casting
33:21 Gambesons
33:36 Squires
34:22 Chain Mail Armor
34:55 Fletching
Lux
0:32 Loom
9:28 Feudal Age
10:14 Double-Bit Axe
16:21 Horse Collar
18:54 Padded Archer Armor
18:44 Fletching
23:19 Castle Age
21:33 Gold Mining
23:26 Crossbowman
24:08 Scale Mail Armor
24:24 Leather Archer Armor
24:30 Thumb Ring
24:46 Bodkin Arrow
25:32 Bow Saw
26:22 Ballistics
27:27 Wheelbarrow
26:38 Town Watch
32:27 Heavy Plow
34:38 Hand Cart
Chewbacca08
6:41 Loom
10:26 Feudal Age
14:26 Fletching
16:01 Padded Archer Armor
23:49 Castle Age
24:28 Bodkin Arrow
24:29 Elite Skirmisher
26:28 Double-Bit Axe
32:46 Horse Collar
33:44 Bow Saw
33:42 Heavy Plow
Martini Bianco
2:21 Loom
9:13 Feudal Age
15:13 Bloodlines
15:51 Scale Barding Armor
19:05 Forging
18:56 Horse Collar
22:50 Castle Age
21:59 Fletching
25:10 Husbandry
26:16 Double-Bit Axe
26:34 Town Watch
28:19 Iron Casting
29:28 Wheelbarrow
30:38 Chain Barding Armor
32:06 Bodkin Arrow
34:28 Padded Archer Armor
Connection lost

Rejoining the realm…

Still unreachable

The connection could not be restored.

Session expired

The server has moved on; the page needs a fresh start.